 Dungeon Crawl Stone Soup version 0.29-a0-297-g7659ce593d (webtiles) character file.

Game seed: 17136288431024730604

667 Dabor the Insei (level 7, -5/46 HPs)
             Began as an Octopode Transmuter on Mar 22, 2022.
             Succumbed to an adder's poison
             ... on level 5 of the Dungeon.
             The game lasted 00:10:03 (5257 turns).

Dabor the Insei (Octopode Transmuter)               Turns: 5257, Time: 00:10:03

Health: -5/46      AC:  1    Str: 10    XL:     7   Next: 57%
Magic:  8/11       EV: 14    Int: 15    God:
Gold:   203        SH:  0    Dex: 16    Spells: 7/13 levels left

rFire   . . .      SeeInvis .     - Unarmed
rCold   . . .      Faith    .   (no shield)
rNeg    + . .      Spirit   .   (helmet restricted)
rPois   .          Reflect  .   (no amulet)
rElec   .          Harm     .   k - ring of flight
rCorr   .          Rampage  .   l - ring of positive energy
Will    .....                   (no ring)
Stlth   ++........              (no ring)
HPRegen 0.15/turn               (no ring)
MPRegen 0.12/turn               (no ring)
                                (no ring)
                                (no ring)

@: lethally poisoned (-5 -> -42), flying
A: almost no armour, amphibious, 8 rings, camouflage 1, gelatinous body 1,
(nimble swimmer 1), tentacles, agile 1, low MP 1, mutation resistance 1
a: no special abilities


You were on level 5 of the Dungeon.
You visited 1 branch of the dungeon, and saw 5 of its levels.

You collected 208 gold pieces.
You donated 5 gold pieces to Zin.

Inventory:

Missiles
 c - 2 throwing nets
Jewellery
 k - a ring of flight (left tentacle)
 l - a ring of positive energy (right tentacle)
Scrolls
 e - 3 scrolls of teleportation
 h - 2 scrolls of blinking
 j - a scroll of summoning
 m - a scroll of identify
Potions
 a - a potion of lignification
 d - a potion of attraction
 g - 2 potions of brilliance {unknown}
 i - a potion of magic {unknown}
 n - a potion of flight {unknown}


   Skills:
 + Level 3.4 Fighting
 + Level 3.9 Dodging
 + Level 4.5 Unarmed Combat
 + Level 3.6 Spellcasting
 + Level 3.8 Transmutations
 * Level 2.1 Poison Magic


You had 7 spell levels left.
You knew the following spells:

 Your Spells              Type           Power      Damage    Failure   Level
a - Beastly Appendage     Tmut           28%        N/A       3%          1
b - Wereblood             Tmut           14%        N/A       6%          2
c - Spider Form           Tmut/Pois      11%        N/A       16%         3

Your spell library contained the following spells:

 Spells                   Type           Power      Damage    Failure   Level
 Passwall                 Tmut/Erth      6%         N/A       13%         2
 Ensorcelled Hibernation  Hex/Ice        4%         N/A       28%         2
 Gell's Gravitas          Tloc           2%         N/A       50%         3
 Swiftness                Air            2%         N/A       50%         3
 Teleport Other           Tloc           2%         N/A       50%         3
 Ice Form                 Ice/Tmut       8%         N/A       63%         4
 Dispersal                Tloc           1%         N/A       100%        6


Dungeon Overview and Level Annotations

Branches:
Dungeon (5/15)
 Temple: D:4-7

Altars:
Dithmenos
Okawaru
Xom
Zin

Annotations:
D:5 Ijyb


Innate Abilities, Weirdness & Mutations

You cannot wear most types of armour.
You are amphibious.
You can wear up to eight rings at the same time.
Your skin changes colour to match your surroundings (Stealth+).
Your rubbery body absorbs attacks. (AC +1, EV +1)
((You are camouflaged when in or above water. (Stealth+)))
You have tentacles for arms and can constrict up to eight enemies at once.
You are agile. (Dex +2)
Your magical capacity is low. (-10% MP)
You are somewhat resistant to further mutation.


Message History

The water moccasin barely misses you.
You feel much better.
You howl as the wereblood boils in your veins!
You feel sick. The adder bites you.
You are more poisoned.
The adder poisons you!
The water moccasin completely misses you.
You tentacle-slap the water moccasin. You grab the water moccasin.
You squeeze the water moccasin.
The water moccasin is severely wounded.
Your primal bloodlust has ended.
You constrict the water moccasin, but do no damage.
You feel sick. The water moccasin bites you. The adder bites you.
You are more poisoned.
The adder poisons you!
You barely miss the water moccasin.
You tentacle-slap the water moccasin, but do no damage.
You squeeze the water moccasin.
The water moccasin is almost dead.
You constrict the water moccasin.
You feel very sick. The water moccasin bites you.
You are lethally poisoned!
The water moccasin poisons you! The adder misses you.
The quokka twitches its whiskers.
The water moccasin bites you.
You are more poisoned.
The water moccasin poisons you!
You tentacle-slap the water moccasin.
You kill the water moccasin!
* * * LOW HITPOINT WARNING * * *
You feel extremely sick. The adder bites you.
* * * LOW HITPOINT WARNING * * *
You are more poisoned.
The adder poisons you!
Your Poison Magic skill increases to level 2!
It was a potion of cancellation.
You feel magically purged.
Your magical contamination has completely faded away.
You die...

# ... . #. # .##..#
##.#.##.. # #.#..#
..#.###.#
#.?..####....#####
#..........#..###.
#..........#..... #
#..........###.#.
..###.##S......>..##.###
.......@rg........).....
..###.###.........######
.......)........#
##..............#
...####.##.....## ##
..........# #.########.#
#. #.# # #.#


You could see Ijyb, an adder and a quokka.

Vanquished Creatures
  A water moccasin (D:5)
  Pargi (D:3)
  A hound (D:4)
  Jessica (D:3)
  4 iguanas (D:4)
  Robin (D:3)
  10 gnolls
  6 adders
  3 worms
  3 dart slugs
  4 orcs
  7 endoplasms
  4 giant cockroaches
  16 goblins
  15 hobgoblins
  8 jackals
  5 quokkas
  7 ball pythons
  9 bats
  2 frilled lizards
  11 kobolds
  10 rats
129 creatures vanquished.

Notes
Turn   | Place    | Note
-------+----------+-------------------------------------------
     0 | D:1      | Dabor the Octopode Transmuter began the quest for the Orb.
     0 | D:1      | Reached XP level 1. HP: 13/13 MP: 3/3
   368 | D:1      | Reached XP level 2. HP: 18/18 MP: 3/5
   795 | D:1      | Learned a level 2 spell: Wereblood
   816 | D:1      | Reached XP level 3. HP: 22/23 MP: 4/6
  1521 | D:2      | Reached XP level 4. HP: 23/29 MP: 3/7
  1980 | D:2      | Found a faded altar of an unknown god.
  1984 | D:2      | Prayed at the altar of an unknown god.
  1984 | D:2      | Became a worshipper of Zin the Law-Giver
  1984 | D:2      | Reached * piety under Zin
  2236 | D:2      | Fell from the grace of Zin
  2414 | D:3      | Noticed Jessica
  2419 | D:3      | Killed Jessica
  2420 | D:3      | Reached XP level 5. HP: 34/34 MP: 7/9
  2450 | D:3      | Noticed Pargi
  2473 | D:3      | Gained mutation: You are strong-willed. (Will+) [potion of
                  | mutation]
  2488 | D:3      | Killed Pargi
  2489 | D:3      | Reached XP level 6. HP: 7/41 MP: 10/10
  2614 | D:3      | Reached skill level 4 in Unarmed Combat
  2618 | D:3      | Lost mutation: You are strong-willed. (Will+) [potion of
                  | mutation]
  2618 | D:3      | Gained mutation: Your mind is acute. (Int +2) [potion of
                  | mutation]
  2618 | D:3      | Gained mutation: You are covered in fur. (AC +1) [potion of
                  | mutation]
  2993 | D:3      | Noticed Robin
  3002 | D:3      | Killed Robin
  3058 | D:3      | Found a shimmering altar of Xom.
  3058 | D:3      | Found an iron altar of Okawaru.
  3059 | D:3      | Found a shadowy altar of Dithmenos.
  3389 | D:4      | Lost mutation: Your mind is acute. (Int +2) [potion of
                  | mutation]
  3389 | D:4      | Lost mutation: You are covered in fur. (AC +1) [potion of
                  | mutation]
  3389 | D:4      | Gained mutation: Your magical capacity is low. (-10% MP)
                  | [potion of mutation]
  3390 | D:4      | Lost mutation: Your magical capacity is low. (-10% MP)
                  | [potion of mutation]
  3390 | D:4      | Gained mutation: You are resistant to electric shocks.
                  | (rElec) [potion of mutation]
  3390 | D:4      | Gained mutation: You have hidden genetic potential. [potion
                  | of mutation]
  3391 | D:4      | Lost mutation: You are resistant to electric shocks.
                  | (rElec) [potion of mutation]
  3391 | D:4      | Lost mutation: You have hidden genetic potential. [potion
                  | of mutation]
  3391 | D:4      | Gained mutation: Your magical capacity is low. (-10% MP)
                  | [potion of mutation]
  3391 | D:4      | Gained mutation: You are somewhat resistant to further
                  | mutation. [potion of mutation]
  3391 | D:4      | Gained mutation: You are agile. (Dex +2) [potion of
                  | mutation]
  3618 | D:4      | Learned a level 3 spell: Spider Form
  3830 | D:4      | Reached XP level 7. HP: 38/46 MP: 9/10
  4112 | D:4      | Reached skill level 1 in Poison Magic
  5195 | D:5      | Entered Level 5 of the Dungeon
  5218 | D:5      | Noticed Ijyb
  5257 | D:5      | Succumbed to an adder's poison

Illustrated notes

Levels and vault maps discovered:
D:1:      erik_arrival_cave_to_civilisation [erik_arrival_cave_to_hall],
          layout_basic
D:2:      minmay_alternating_diamond, layout_basic,
          hellmonk_ecumenical_altar_heavens_door, st_stairs_5,
          corexii_hall_statues_u
D:3:      layout_loops_cross, gammafunk_temple_overflow_claw, uniq_robin,
          uniq_jessica, uniq_pargi
D:4:      cheibrodos_quashed, layout_basic, portal_sewer_entry_e,
          minmay_goblin_kobold_house
D:5:      layout_loops_ring, lemuel_coloured_pillars_altar,
          minmay_temple_entry_poolview, gammafunk_ghost_hive,
          grunt_ministairs_9, uniq_ijyb

Skill      XL: |  1  2  3  4  5  6  7 |
---------------+----------------------+-----
Fighting       | 2 3 |  3.4
Dodging        | 3 |  3.9
Spellcasting   | 3 |  3.6
Transmutations | 3 |  3.8
Unarmed Combat | 4 |  4.5
Poison Magic   | 2 |  2.1

Action                   |  1- 3 |  4- 6 |  7- 9 || total
-------------------------+-------+-------+-------++-------
Melee: Unarmed           |    80 |   127 |    52 ||   259
       Tentacles         |    20 |    29 |    12 ||    61
       Constrict         |    23 |    36 |    18 ||    77
       Kick              |    23 |    34 |    12 ||    69
       Punch             |       |     8 |     3 ||    11
 Cast: Beastly Appendage |    22 |    23 |     7 ||    52
       Wereblood         |     3 |     6 |     7 ||    16
       Spider Form       |       |       |     2 ||     2
Invok: Renounce Religion |       |     1 |       ||     1
  Use: Scroll            |       |     7 |       ||     7
       Potion            |       |    10 |     2 ||    12
 Stab: Sleeping          |     5 |     6 |     2 ||    13
Armor: Skin              |     7 |    12 |     1 ||    20
Dodge: Dodged            |    37 |    87 |    51 ||   175

Table legend: (Time is in decaauts)
 A = Elapsed time spent in this place.
 B = Non-inter-level travel time spent in this place.
 C = Inter-level travel time spent in this place.
 D = Time resting spent in this place.
 E = Time spent auto-exploring this place.
 F = Levels seen in this place.
 G = Mean time per level.
                   A        B        C        D        E       F      G
               +--------+--------+--------+--------+--------+-----+--------+
         Total |   5247 |   5146 |    101 |    692 |   3564 |   5 | 1049.4 |
       Dungeon |   5247 |   5146 |    101 |    692 |   3564 |   5 | 1049.4 |
               +--------+--------+--------+--------+--------+-----+--------+

Top non-repeatable levels by time:
     D:4: 1837 daAuts
     D:1: 1549 daAuts
     D:3: 1069 daAuts
     D:2: 729 daAuts
     D:5: 60 daAuts
